Map: 시뮬레이크럼 - 래더

Players

sOs - Winner!

  • Race: Protoss Protoss
  • Spawn Location: 11:00

TYTY (TY)

  • Race: Terran Terran
  • Spawn Location: 5:00

Event: IEM Katowice 2020

VOD

Have the link to the VOD?

Description

Time

  • Played on: Feb. 28, 2020, 9:41 a.m.
  • Length: 10:46

All games in this series

Show
View Real Time Build Order
Export as new Build Order

sOs Protoss - Winner!

Build Orders: 1 Gate Expand, Blink Stalkers, Dark Templar Rush 

Get SALT Encoding   

  12  0:00  Probe  
  13  0:13  Probe  
  14  0:18  Pylon  
  14  0:25  Probe (Chrono Boost)  
  15  0:37  Probe (Chrono Boost), Gateway  
  16  0:44  Probe (Chrono Boost)  
  16  0:46  Assimilator  
  17  0:51  Probe  
  18  1:03  Probe  
  19  1:15  Probe  
  20  1:24  Cybernetics Core  
  20  1:33  Nexus  
  20  1:35  Probe  
  21  1:42  Pylon  
  21  1:47  Probe  
  21  1:51  Assimilator  
  22  1:57  Adept (Chrono Boost)  
  22  2:00  Warp Gate (Chrono Boost)  
  22  2:01  Probe  
  25  2:13  Probe  
  26  2:20  Stalker  
  28  2:25  Probe  
  29  2:37  Probe  
  29  2:41  Gateway  
  30  2:47  Probe  
  30  2:49  Probe (Chrono Boost)  
  32  2:57  Twilight Council  
  30  3:01  Probe (Chrono Boost)  
  32  3:07  Probe (Chrono Boost)  
  32  3:10  Probe (Chrono Boost)  
  33  3:14  Probe (Chrono Boost)  
  33  3:15  Probe (Chrono Boost)  
  37  3:20  Pylon  
  38  3:27  Probe (Chrono Boost)  
  38  3:31  Probe (Chrono Boost)  
  38  3:33  Blink  
  37  3:36  Probe (Chrono Boost)  
  37  3:38  Dark Shrine  
  37  3:40  Probe (Chrono Boost)  
  39  3:41  Probe (Chrono Boost)  
  39  3:44  Stalker  
  42  3:49  Zealot  
  44  3:59  Probe x2  
  44  4:06  Stalker  
  40  4:11  Stalker  
  40  4:15  Probe x2 (Chrono Boost)  
  38  4:24  Assimilator  
  38  4:25  Robotics Facility  
  38  4:27  Probe (Chrono Boost)  
  39  4:32  Shield Battery  
  39  4:33  Probe (Chrono Boost)  
  39  4:35  Probe (Chrono Boost)  
  38  4:40  Probe (Chrono Boost)  
  38  4:41  Probe  
  39  4:51  Probe (Chrono Boost)  
  39  4:52  Dark Templar  
  39  4:57  Probe (Chrono Boost)  
  40  5:02  Dark Templar  
  40  5:03  Probe (Chrono Boost)  
  44  5:08  Probe x2 (Chrono Boost)  
  44  5:13  Observer  
  46  5:17  Probe x2  
  47  5:29  Probe x2, Stalker  
  47  5:34  Stalker  
  53  5:37  Pylon  
  53  5:38  Observer  
  54  5:46  Probe x2  
  51  5:58  Probe x2  
  51  6:03  Robotics Bay  
  53  6:06  Assimilator  
  53  6:11  Probe x2 (Chrono Boost)  
  55  6:12  Observer  
  55  6:13  Warp Prism  
  55  6:15  Sentry  
  59  6:18  Pylon  
  59  6:20  Probe x2 (Chrono Boost)  
  59  6:25  Probe (Chrono Boost)  
  61  6:29  Gateway  
  62  6:36  Probe  
  62  6:37  Probe  
  64  6:49  Stalker x2  
  68  6:55  Observer  
  68  6:59  Pylon  
  68  7:00  Pylon  
  68  7:06  Extended Thermal Lance  
  68  7:08  Charge  
  68  7:09  Forge  
  68  7:14  Colossus (Chrono Boost)  
  68  7:22  Dark Templar  
  76  7:25  Gateway  
  76  7:37  Protoss Ground Weapons Level 1 (Chrono Boost)  
  76  7:39  Nexus  
  76  7:42  Observer  
  76  7:47  Stalker  
  76  7:48  Stalker  
  80  7:53  Pylon  
  80  7:54  Colossus (Chrono Boost)  
  80  7:57  Observer  
  84  8:09  Probe  
  84  8:10  Photon Cannon  
  84  8:12  Stalker x2  
  89  8:13  Zealot  
  91  8:27  Pylon  
  91  8:29  Probe x2  
  91  8:31  Pylon  
  93  8:37  Pylon  
  93  8:45  Probe  
  92  8:51  Photon Cannon  
  92  8:54  Zealot x4  
  92  8:55  Pylon  
  100  8:57  Colossus (Chrono Boost)  
  106  9:07  Observer  
  106  9:16  Gateway  
  106  9:20  Gateway  
  106  9:23  Probe x3  
  107  9:29  Sentry  
  107  9:30  Stalker x3  
  113  9:45  Colossus (Chrono Boost)  
  119  9:59  Stalker x4  
  123  10:22  Zealot x5  
  133  10:28  Forge  
  133  10:31  Pylon  
  133  10:32  Pylon  
  129  10:35  Pylon  
  129  10:40  Zealot  
Show
View Real Time Build Order
Export as new Build Order

TYTY Terran 

Build Orders: Hellion Banshee 

Get SALT Encoding   

  12  0:00  SCV  
  13  0:12  SCV  
  14  0:16  Supply Depot  
  14  0:25  SCV  
  15  0:38  SCV  
  15  0:39  Barracks  
  16  0:43  Refinery  
  16  0:50  SCV  
  17  1:02  SCV  
  18  1:14  SCV  
  19  1:27  Orbital Command  
  20  1:35  Barracks Reactor  
  19  1:45  Command Center  
  19  1:52  Supply Depot  
  19  1:56  SCV  
  20  2:08  Bunker  
  20  2:11  Marine x2  
  23  2:21  Factory  
  23  2:22  SCV  
  23  2:29  Marine x2  
  25  2:34  SCV  
  26  2:46  SCV  
  26  2:47  Marine x2  
  28  2:58  SCV  
  31  3:06  Starport  
  31  3:10  Orbital Command  
  31  3:11  Hellion  
  33  3:13  Hellion  
  33  3:15  SCV  
  33  3:17  Marine  
  35  3:25  Refinery  
  34  3:27  SCV  
  34  3:32  Hellion  
  39  3:34  Hellion  
  39  3:35  Barracks Tech Lab  
  39  3:40  SCV  
  39  3:41  SCV  
  41  3:52  SCV  
  41  3:53  SCV  
  42  3:57  Hellion x2  
  43  4:04  Cloaking Field, SCV  
  43  4:07  Banshee  
  43  4:09  SCV  
  46  4:17  Supply Depot  
  43  4:27  Marine  
  43  4:28  Marine  
  43  4:31  SCV x2  
  46  4:32  Supply Depot, Factory Tech Lab  
  46  4:43  SCV x2  
  46  4:50  Siege Tank  
  45  4:55  SCV x2  
  45  4:59  Barracks x2  
  47  5:02  Marine x2  
  47  5:05  Banshee  
  52  5:07  SCV  
  52  5:09  SCV, Refinery  
  52  5:10  Engineering Bay  
  54  5:19  SCV  
  54  5:21  SCV  
  56  5:27  Siege Tank  
  55  5:31  SCV  
  55  5:33  SCV  
  51  5:36  Missile Turret  
  51  5:41  Marine x2  
  51  5:43  SCV  
  51  5:45  SCV  
  46  6:02  Missile Turret  
  46  6:03  Marine x2  
  48  6:06  Stimpack  
  48  6:08  SCV  
  48  6:11  SCV  
  49  6:15  Marine x2  
  51  6:22  Marine x2  
  53  6:27  SCV x2  
  53  6:31  Raven  
  57  6:33  Marine x2  
  57  6:39  SCV  
  60  6:40  Factory Reactor  
  60  6:41  SCV  
  59  6:49  Supply Depot  
  59  6:51  SCV  
  59  6:53  SCV  
  59  6:54  Marine  
  61  7:01  Terran Infantry Weapons Level 1  
  62  7:06  Supply Depot  
  62  7:09  Barracks Tech Lab  
  62  7:11  Marine, SCV x2  
  65  7:17  Marine  
  65  7:18  Marauder  
  68  7:23  SCV  
  68  7:27  Medivac x2  
  68  7:29  Supply Depot  
  73  7:30  Marine x2  
  73  7:33  Supply Depot  
  73  7:34  Combat Shield  
  73  7:35  Marine  
  73  7:36  SCV x2  
  78  7:44  Supply Depot  
  78  7:50  Marine  
  78  7:51  Marine x2  
  83  7:53  Marine  
  83  7:54  SCV x2  
  83  7:57  Medivac  
  85  8:03  Medivac  
  86  8:08  Marine  
  89  8:13  Barracks x2  
  89  8:14  Marine x2, Marauder  
  89  8:15  Concussive Shells  
  89  8:16  SCV  
  92  8:22  SCV  
  92  8:27  Factory Tech Lab, Marauder  
  95  8:31  Viking  
  95  8:33  Viking  
  99  8:34  Marine x2  
  102  8:53  Supply Depot  
  102  8:54  Supply Depot, Marauder  
  102  9:01  Viking  
  102  9:02  Barracks Tech Lab  
  102  9:03  Marine x2, Viking, Barracks Tech Lab  
  102  9:04  Marine  
  107  9:14  Supply Depot  
  107  9:15  Marine, Supply Depot  
  107  9:21  Marine  
  110  9:24  Marauder  
  110  9:28  Marine x2  
  110  9:30  Marauder  
  109  9:43  Viking  
  109  9:44  Viking  
  113  9:47  Marine x2  
  113  9:52  Marauder x2  
  117  9:59  Marauder x2  
  121  10:09  Marine x2  
  121  10:10  SCV x2  
  121  10:13  Viking  
  123  10:16  Marine  
  111  10:23  SCV x2  
  111  10:27  Marine  

Tags
 
Add a new tag
Caveats
  • Supply blocks, unpowered buildings, or Contaminate may cause inaccurate times.
  • Supply counts are checked every 10 seconds.